cohdb
Replays
Latest Replays
All Replays
Popular Replays
Top Player Replays
Match Explorer
How It Works
Community
CoH3 Stats
Reddit
Sign in to upload your games and track your stats! →
Sign in with Steam
Match 44450786
Unlisted
Match 44450786
Overview
Messages
Build Orders
End
Construct Barracks
Selects Armored Battlegroup
Selects Veteran Crews
Riflemen Squad
Riflemen Squad
Grenade Package
Riflemen Squad
Construct Medical Station
Riflemen Squad
Infantry Support Center
Construct Weapon Support Center
Selects Fast Deploy
M3 Armored Personnel Carrier
M1918 Browning Automatic Rifles
Engineer Squad
Construct Motor Pool
Selects Field Repairs
Selects War Machine
Selects M8 Scott SPG
M24 Chaffee Light Tank
最后一战
咚咚锵个腿
0
0
Comments
sign in to comment!
No comments posted yet!